 Dungeon Crawl Stone Soup version 0.19-a0-1692-g68728bb (webtiles) character file.

243 Psiweapon the Chopper (level 6, -5/53 HPs)
             Began as a Hill Orc Fighter on Sept 26, 2016.
             Slain by an orc warrior
             ... wielding a +0 long sword
              (14 damage)
             ... on level 3 of the Dungeon.
             The game lasted 00:08:19 (3294 turns).

Psiweapon the Chopper (Hill Orc Fighter)            Turns: 3294, Time: 00:08:19

Health: -5/53      AC:  7    Str: 24 (26) XL:     6   Next: 9%
Magic:  6/6        EV:  9    Int:  5 (8)  God:
Gold:   132        SH: 14    Dex: 11 (13) Spells: 0 memorised, 5 levels left

rFire  . . .     SeeInvis .     F - +0 morningstar
rCold  + . .     Gourm    .     j - -1 ring mail (curse)
rNeg   . . .     Faith    .     c - +0 shield
rPois  .         Spirit   .     (no helmet)
rElec  .         Dismiss  .     (no cloak)
rCorr  .         Reflect  +     h - +0 pair of gloves
MR     .....     Harm     .     (no boots)
Stlth  +.........               p - +4 amulet of reflection
                                z - ring of protection from cold
                                w - +3 ring of dexterity

@: mighty
A: no striking features
a: no special abilities


You were on level 3 of the Dungeon.
You were not hungry.

You visited 1 branch of the dungeon, and saw 4 of its levels.

You collected 132 gold pieces.

Inventory:

Hand Weapons
 a - a +0 war axe
 b - a +0 blowgun
 g - a +0 quarterstaff
 l - a +0 flail
 F - a +0 morningstar (weapon)
Missiles
 e - 127 stones (quivered)
 i - 3 silver javelins
 n - 33 poisoned needles
 y - 30 sling bullets
Armour
 c - a +0 shield (worn)
 h - a +0 pair of gloves (worn)
 j - a cursed -1 ring mail (worn)
 m - a +0 scale mail
 s - a +0 chain mail
Jewellery
 p - a +4 amulet of reflection (around neck)
 w - a +3 ring of dexterity (left hand)
 z - a ring of protection from cold (right hand)
Wands
 k - a wand of slowing (21/48)
 u - a wand of digging (7/24)
Scrolls
 t - a scroll of enchant weapon
 v - a scroll of remove curse {unknown}
 x - a scroll of teleportation {unknown}
 B - a scroll of immolation {unknown}
 D - a scroll of amnesia {unknown}
 E - a scroll of fog
Comestibles
 f - 3 bread rations
 o - 3 fruits
 q - 5 chunks of flesh
 r - 2 beef jerkies


   Skills:
 + Level 4.4 Fighting
 + Level 5.0 Axes
 + Level 4.4 Armour
 + Level 1.0 Dodging
 + Level 4.6 Shields


You had 5 spell levels left.
You didn't know any spells.

Dungeon Overview and Level Annotations

Branches:
Dungeon (4/15)
 Temple: D:4-7

Altars:
Gozag

Annotations:
D:2 exclusion: downstairs


Message History

a ring mail; an orc skeleton The orc priest looks encouraged for a moment.
There is a stone staircase leading up, spattered with blood here.
The orc warrior hits you with a long sword!
You climb upwards.
There is a stone staircase leading down here.
You puncture the orc warrior!
The orc warrior is moderately wounded.
The orc warrior hits you with a long sword!!
* * * LOW HITPOINT WARNING * * *
It was a potion of degeneration.
There was something very wrong with that liquid.
You feel weakened.
You feel dopey.
You feel clumsy. You block the orc warrior's attack.
Okay, then.
The orc warrior hits you but does no damage.
Some of the chunks of flesh in your inventory have rotted away.
You feel very mighty all of a sudden.
The orc warrior hits you with a long sword!
You die...

#.#...#<# #.# #.#
#.#.#######.#####.#
#.#.#.......#....[#
#
#.#.#.###...#.#####
# #.#.#.......#.# #
#.#.#####.###.# #
#.#.[.....#...# #
#.#########.### #
#....o@.....# #
############# # # #
# # # #


You could see an orc warrior.

Vanquished Creatures
  An orc wizard (D:4)
  2 orc priests
  4 adders (D:2)
  2 oozes
  4 worms (D:2)
  3 dart slugs (D:1)
  5 leopard geckos
  2 orcs (D:4)
  13 bats
  A giant cockroach (D:2)
  5 goblins
  3 hobgoblins
  15 jackals
  10 kobolds
  2 quokkas
  A ball python (D:2)
  6 frilled lizards
  10 rats
89 creatures vanquished.

Vanquished Creatures (others)
  A goblin (D:2)
  A kobold (D:1)
2 creatures vanquished.

Grand Total: 91 creatures vanquished

Notes
Turn   | Place    | Note
-------+----------+-------------------------------------------
     0 | D:1      | Psiweapon the Hill Orc Fighter began the quest for the Orb.
     0 | D:1      | Reached XP level 1. HP: 19/19 MP: 1/1
   104 | D:3      | Noticed Grinder
   104 | D:3      | Reached skill level 3 in Axes
   104 | D:3      | Reached XP level 2. HP: 22/27 MP: 2/2
   348 | D:2      | Found an opulent altar of Gozag.
   361 | D:2      | Reached XP level 3. HP: 33/33 MP: 3/3
   912 | D:2      | Reached XP level 4. HP: 33/40 MP: 4/4
  1228 | D:3      | Reached skill level 4 in Axes
  1770 | D:3      | Reached XP level 5. HP: 45/46 MP: 5/5
  3251 | D:4      | Reached skill level 5 in Axes
  3251 | D:4      | Reached skill level 1 in Dodging
  3251 | D:4      | Reached XP level 6. HP: 40/53 MP: 6/6
  3269 | D:4      | Noticed an orc warrior
  3294 | D:3      | Slain by an orc warrior

Vault maps used:
D:1:      lemuel_arrival_cross, minmay_pentomino_r4
D:2:      grunt_gozag_breadcrumbs
D:3:      first_bread, uniq_grinder
D:4:      minmay_goblin_outpost, uniq_eustachio

Skill      XL: |  1  2  3  4  5 |
---------------+----------------+-----
Axes           | 3 4 5 |  5.0
Fighting       | 4 |  4.4
Armour         | 4 |  4.4
Shields        | 4 |  4.6
Dodging        | 1 |  1.0

Action                   |  1- 3 |  4- 6 || total
-------------------------+-------+-------++-------
Melee: War axe           |    67 |   221 ||   288
       Morningstar       |       |     5 ||     5
  Use: Scroll            |     1 |     3 ||     4
       Potion            |       |     2 ||     2
  Eat: Chunk             |       |     8 ||     8
Armor: Scale mail        |    19 |       ||    19
       Ring mail         |    21 |    76 ||    97
Dodge: Dodged            |    28 |    80 ||   108
Block: Shield            |    39 |   159 ||   198
       Reflection        |       |     8 ||     8
